 Dungeon Crawl Stone Soup version 0.20.1-1-g8b1a95d (webtiles) character file.

209 tidbits the Insei (level 5, -12/39 HPs)
             Began as a Demigod Transmuter on Aug 20, 2017.
             Mangled by a gnoll sergeant
             ... wielding a +2 spear of piercing
              (13 damage)
             ... on level 4 of the Dungeon.
             The game lasted 00:11:42 (1578 turns).

tidbits the Insei (Demigod Transmuter)              Turns: 1578, Time: 00:11:42

Health: -12/39     AC:  2    Str: 13    XL:     5   Next: 30%
Magic:  5/10       EV: 23    Int: 19    God:
Gold:   191        SH:  0    Dex: 21    Spells: 2/8 levels left

rFire    . . .     SeeInvis .     - Unarmed
rCold    . . .     Gourm    .   (shield currently unavailable)
rNeg     . . .     Faith    .   (armour currently unavailable)
rPois    x         Spirit   .   (helmet currently unavailable)
rElec    .         Reflect  .   (cloak currently unavailable)
rCorr    .         Harm     .   (gloves currently unavailable)
MR       .....                  (boots currently unavailable)
Stlth    ++........             (no amulet)
Regen    0.2/turn               V - +4 ring of evasion
MPRegen  0.2/turn               (no ring)

@: spider-form (expiring), very slightly contaminated
A: high mp 1
a: End Transformation


You were on level 4 of the Dungeon.
You were hungry.
You were a venomous arachnid creature.
You visited 1 branch of the dungeon, and saw 4 of its levels.

You collected 191 gold pieces.

Inventory:

Missiles
 a - 15 arrows
Armour
 b - a +0 robe
 g - a +0 ring mail
 o - a +0 pair of gloves (melded)
 B - a cursed +0 leather armour (melded)
Jewellery
 V - a +4 ring of evasion (left front leg)
   (You found it on level 2 of the Dungeon)
Wands
 n - a wand of polymorph (10/24)
Scrolls
 i - a scroll of identify
 j - a scroll of blinking
 k - a scroll of teleportation
 l - 3 scrolls of remove curse
Potions
 m - a potion of resistance
 p - a potion of flight
Books
 c - a book of Changes

   Spells                             Type                      Level
   a - Beastly Appendage              Transmutation                1
   b - Sticks to Snakes               Transmutation                2
   c - Spider Form                    Transmutation/Poison         3
   d - Ice Form                       Ice/Transmutation            4
   e - Blade Hands                    Transmutation                5
Comestibles
 d - 2 bread rations
 e - a royal jelly
 f - 2 meat rations
 h - 2 fruits


   Skills:
 - Level 0.8 Fighting
 - Level 1.7 Dodging
 + Level 5.0 Unarmed Combat
 - Level 2.0 Spellcasting
 - Level 3.0 Transmutations


You had 2 spell levels left.
You knew the following spells:

 Your Spells              Type           Power        Failure   Level  Hunger
e - Beastly Appendage     Tmut           ##....       14%         1    #......
k - Sticks to Snakes      Tmut           ##......     21%         2    ###....
p - Spider Form           Tmut/Pois      #.........   47%         3    ###....


Dungeon Overview and Level Annotations

Branches:
Dungeon (4/15)
 Temple: D:4-7

Shops:
D:4 (


Innate Abilities, Weirdness & Mutations

You have an increased reservoir of magic. (+10% MP)


Message History

A slave comes into view.
Found a stone staircase leading down.
Your transformation has ended.
Your cursed +0 leather armour unmelds from your body.
You open the door.
Found a scroll of remove curse.
There is an open door here.
Wear which item? (? for menu, Esc to quit)
You start putting on your armour.
You continue putting on your pair of gloves. x4
You finish putting on your +0 pair of gloves.
You see here a scroll of remove curse.
l - 3 scrolls of remove curse (gained 1)
Found 15 arrows.
You see here 15 arrows.
a - 16 arrows (gained 15)
Found 23 bolts.
An orc comes into view. It is wielding a mace.
You open the door. 4 gnolls and a gnoll sergeant come into view.
The gnoll sergeant is wielding a spear of piercing.
A gnoll is wielding a halberd of protection.
The gnoll shouts!
The gnoll sergeant shouts!
The gnoll shouts! x2
The orc shouts!
The gnoll picks up 15 stones.
The gnoll closely misses you. Why would you want to do that?
There is an open door here.
You are feeling hungry.
The slave shouts!
A slave comes into view.
Casting: Spider Form
Confirm with . or Enter, or press ? or * to list all spells.
You create a snake!
You now have 15 arrows.
The gnoll sergeant closely misses you.
Your adder misses the orc.
The orc hits your adder but does no damage.
Your adder bites the gnoll sergeant.
The slave barely misses your adder.
Your adder barely misses the gnoll sergeant.
Casting: Sticks to Snakes
Confirm with . or Enter, or press ? or * to list all spells.
You miscast Spider Form.
You are very lightly contaminated with residual magic.
You feel mildly nauseous.
The gnoll sergeant completely misses you.
Casting: Spider Form
Confirm with . or Enter, or press ? or * to list all spells.
You turn into a venomous arachnid creature.
Your +0 pair of gloves melds into your body.
Your cursed +0 leather armour melds into your body.
The gnoll sergeant closely misses you.
Your adder bites the orc.
The gnoll sergeant hits you with a spear of piercing!
The orc barely misses your adder.
Your adder bites the orc but does no damage.
You barely miss the gnoll sergeant.
The gnoll sergeant is lightly wounded.
The gnoll sergeant closely misses you.
Your adder closely misses the orc.
The orc hits your adder with a mace.
You barely miss the gnoll sergeant.
The gnoll sergeant is lightly wounded.
The gnoll sergeant closely misses you.
Your adder barely misses the orc.
You hit the gnoll sergeant.
The gnoll sergeant is poisoned.
The gnoll sergeant is lightly wounded.
The orc barely misses your adder.
Your adder barely misses the orc.
The gnoll sergeant closely misses you.
You hit the gnoll sergeant.
The gnoll sergeant looks as sick as possible!
The gnoll sergeant is moderately wounded.
Your adder closely misses the orc.
The orc misses your adder.
The gnoll sergeant completely misses you.
You hit the gnoll sergeant.
The gnoll sergeant looks as sick as possible!
The gnoll sergeant is heavily wounded.
Your adder barely misses the orc.
The orc hits your adder with a mace.
The gnoll sergeant hits you with a spear of piercing.
You hit the gnoll sergeant but do no damage.
The gnoll sergeant is heavily wounded.
Your adder bites the orc.
The orc is poisoned.
Your adder poisons the orc!
You hit the gnoll sergeant but do no damage.
The gnoll sergeant is heavily wounded.
Your adder bites the orc.
The orc dies!
The gnoll sergeant hits you with a spear of piercing!
* * * LOW HITPOINT WARNING * * *
x2 Your adder barely misses the gnoll sergeant.
You hit the gnoll sergeant.
The gnoll sergeant looks as sick as possible!
The gnoll sergeant is heavily wounded.
The gnoll sergeant hits you with a spear of piercing.
* * * LOW HITPOINT WARNING * * *
x2 The gnoll hits your adder!
Your adder dies!
Okay, then.
You hit the gnoll sergeant.
The gnoll sergeant looks as sick as possible!
The gnoll sergeant is severely wounded.
The gnoll sergeant misses you.
Your transformation is almost over.
The gnoll sergeant hits you from afar with a spear of piercing!
You die...

#.####.#.....#........#
#......#'#####..#####.###
#.............).#.).....#
.#..........####.#))...#.#
.#...........# #.#####.#.#
.#...........# #.#######.#
.............# #.#.......##
.#'#...#.....###.#........#
.8.....#.###.#..s....<.#.##
⌠............#.......###.#
.8.†.....#####g###.#.###.#
⌠........#####g# #.#.....#
.8.....ggoS..g## #######
##.###...p###p# ..........#
.... ##.####...#.#.###
......+...+.#.#


You could see a slave, a gnoll sergeant and 2 gnolls.

Vanquished Creatures
  A sky beast (D:3)
  An orc priest (D:4)
  A worker ant (D:4)
  2 adders (D:3)
  2 leopard geckos (D:1)
  3 orcs
  3 ball pythons
  2 giant cockroaches
  5 goblins
  4 hobgoblins
  2 jackals
  A kobold (D:2)
  7 bats
  2 frilled lizards (D:1)
  5 rats
41 creatures vanquished.

Vanquished Creatures (collateral kills)
  An orc (D:4)
  A giant cockroach (D:2)
  A goblin (D:2)
  A frilled lizard (D:2)
4 creatures vanquished.

Grand Total: 45 creatures vanquished

Notes
Turn   | Place    | Note
-------+----------+-------------------------------------------
     0 | D:1      | tidbits the Demigod Transmuter began the quest for the Orb.
     0 | D:1      | Reached XP level 1. HP: 15/15 MP: 5/5
   149 | D:1      | Reached skill level 3 in Unarmed Combat
   341 | D:1      | Reached XP level 2. HP: 5/22 MP: 5/7
   345 | D:1      | Learned a level 2 spell: Sticks to Snakes
   572 | D:2      | Found a deep blue altar of Sif Muna.
   677 | D:2      | Found a stormy altar of Qazlal.
   677 | D:2      | Noticed an air elemental
   681 | D:2      | Noticed an earth elemental
   681 | D:2      | Noticed a fire elemental
   681 | D:2      | Noticed a water elemental
   920 | D:3      | Found a blossoming altar of Fedhas.
  1018 | D:3      | Reached skill level 2 in Spellcasting
  1018 | D:3      | Reached XP level 3. HP: 23/27 MP: 6/8
  1023 | D:3      | Learned a level 3 spell: Spider Form
  1029 | D:3      | Noticed a sky beast
  1043 | D:3      | Killed a sky beast
  1043 | D:3      | Reached skill level 4 in Unarmed Combat
  1043 | D:3      | Reached skill level 2 in Transmutations
  1043 | D:3      | Reached XP level 4. HP: 32/34 MP: 3/9
  1293 | D:2      | Found a sparkling altar of Nemelex Xobeh.
  1298 | D:2      | You fall through a shaft!
  1428 | D:4      | Reached skill level 3 in Transmutations
  1428 | D:4      | Reached XP level 5. HP: 19/39 MP: 0/10
  1466 | D:4      | Found Muotz's Weapon Boutique.
  1476 | D:4      | Reached skill level 5 in Unarmed Combat
  1488 | D:4      | Noticed a slave
  1546 | D:4      | Noticed a slave
  1576 | D:4      | HP: 2/39 [gnoll sergeant/spear of piercing (2)]
  1578 | D:4      | Mangled by a gnoll sergeant

Skill      XL: |  1  2  3  4  5 |
---------------+----------------+-----
Unarmed Combat | 3 4 5 |  5.0
Spellcasting   | 2 |  2.0
Transmutations | 2 3 |  3.0
Fighting       | |  0.8
Dodging        | |  1.7

Action                   |  1- 3 |  4- 6 || total
-------------------------+-------+-------++-------
Melee: Unarmed           |   104 |    40 ||   144
       Kick              |    11 |       ||    11
       Headbutt          |     2 |       ||     2
       Punch             |     1 |       ||     1
 Cast: Beastly Appendage |    16 |       ||    16
       Sticks to Snakes  |     9 |     3 ||    12
       Spider Form       |     1 |     9 ||    10
  Use: Scroll            |       |     5 ||     5
 Stab: Distracted        |     1 |       ||     1
  Eat: Chunk             |     1 |     3 ||     4
Armor: Robe              |     6 |       ||     6
       Leather armour    |    17 |       ||    17
       Skin              |       |     3 ||     3
Dodge: Dodged            |    67 |    36 ||   103

Table legend:
 A = Turns spent in this place as a percentage of turns spent in the entire game.
 B = Non-inter-level travel turns spent in this place as a percentage of non-inter-level travel turns spent in the entire game.
 C = Inter-level travel turns spent in this place as a percentage of turns spent in this place.
 D = Turns resting spent in this place as a percentage of non-inter-level travel turns spent in this place.
 E = Turns spent auto-exploring this place as a percentage of non-inter-level travel turns spent in this place.
 F = Non-inter-level travel turns spent in this place divided by the number of levels of this place that you've seen.
                   A       B       C       D       E      F
               +-------+-------+-------+-------+-------+----------------------
         Total | 100.0 | 100.0 |   0.0 |   0.0 |   0.0 | 389.2
       Dungeon | 100.0 | 100.0 |   0.0 |   0.0 |   0.0 | 389.2
               +-------+-------+-------+-------+-------+----------------------

Table legend:
 A = Kills in this place as a percentage of kills in entire the game.
 B = Kills by you in this place as a percentage of kills by you in the entire game.
 C = Kills by friends in this place as a percentage of kills by friends in the entire game.
 D = Other kills in this place as a percentage of other kills in the entire game.
 E = Experience gained in this place as a percentage of experience gained in the entire game.
 F = Experience gained in this place divided by the number of levels of this place that you have seen.
                   A       B       C       D       E      F
               +-------+-------+-------+-------+-------+----------------------
         Total | 100.0 | 100.0 | 100.0 |  -nan | 100.0 |  74.8
       Dungeon | 100.0 | 100.0 | 100.0 |  -nan | 100.0 |  74.8
               +-------+-------+-------+-------+-------+----------------------

Vault maps used:
D:1:      lordsloth_arrival_two_stooges, kennysheep_nondescript
D:2:      nicolae_qazlal_style_of_elements, nicolae_overflow_crystal_walls,
          nemelex_spade_bored_becter
D:3:      gammafunk_temple_overflow_claw, chequers_ecumenical_altar_lobes,
          first_bread, fedhas_altar_2
D:4:      gammafunk_steamed_eel, eat_drink_and_be_merry_uskayaw,
          minmay_temple_entry_overgrown, serial_shops,
          nicolae_shop_temple_entry_statues_fountains, shop,
          nicolae_shop_statue_plus, lightli_minifort, uniq_pikel
